 Dungeon Crawl Stone Soup version 0.26.1-11-gd32895ea62 (webtiles) character file.

Game seed: 6028159290340604987

23747 tizbic2 the Ogre Mage (level 13, 0/127 HPs)
             Began as an Ogre Ice Elementalist on June 29, 2021.
             Was the Champion of Cheibriados.
             Slain by a six-headed hydra (9 damage)
             ... on level 15 of the Dungeon on June 30, 2021.
             The game lasted 02:27:28 (14207 turns).

tizbic2 the Ogre Mage (Ogre Ice Elementalist)      Turns: 14207, Time: 02:27:29

Health: 0/127      AC:  5    Str: 30    XL:     13   Next: 8%
Magic:  26/38      EV: 15    Int: 33    God:    Cheibriados [******]
Gold:   194        SH:  5    Dex: 34    Spells: 15/36 levels left

rFire    + + +     SeeInvis .   e - +3 flail of Change {flame, Dex+3}
rCold    . . .     Faith    .   (no shield)
rNeg     . . .     Spirit   .   m - +2 robe {Archmagi}
rPois    .         Reflect  +   (helmet restricted)
rElec    .         Harm     .   (no cloak)
rCorr    .         Rampage  .   (gloves unavailable)
Will     +....                  (boots unavailable)
Stlth    +++.......             b - amulet of Yhafyil {Reflect rF+++ Dex+5 SH+5}
HPRegen  0.31/turn              H - ring of Mistrust {rF+ MP+9}
MPRegen  0.26/turn              z - ring of wizardry

@: frozen ramparts, very slightly contaminated, very slow
A: large, unfitting armour, tough skin 1
a: Renounce Religion, Bend Time, Temporal Distortion, Slouch, Step From Time


You were on level 15 of the Dungeon.
You worshipped Cheibriados.
Cheibriados was exalted by your worship.
You visited 1 branch of the dungeon, and saw 15 of its levels.
You also visited: Sewer.

You collected 703 gold pieces.
You spent 509 gold pieces at shops.

Inventory:

Hand Weapons
 e - the +3 flail of Change (weapon) {flame, Dex+3}
   (You found it on level 6 of the Dungeon)

   It has been specially enchanted to burn those struck by it, causing extra
   injury to most foes and up to half again as much damage against particularly
   susceptible opponents.
   It affects your dexterity (+3).
 B - a +1 giant club
 D - a +0 giant spiked club
Missiles
 g - 463 stones
 j - 3 javelins
 l - 10 boomerangs (quivered)
 n - 17 curare-tipped darts
 r - 3 atropa-tipped darts
 v - 33 poisoned darts
 F - a large rock
Armour
 m - a +2 robe of the Archmagi (worn)
Jewellery
 b - the amulet of Yhafyil (around neck) {Reflect rF+++ Dex+5 SH+5}
   (You took it off an orc on level 7 of the Dungeon)

   [amulet of reflection]

   It shields you and reflects attacks.
   It affects your dexterity (+5).
   It renders you almost immune to fire.
   It affects your SH (+5).
 y - an uncursed amulet of guardian spirit
 z - a ring of wizardry (right hand)
 H - the ring of Mistrust (left hand) {rF+ MP+9}
   (You found it on level 7 of the Dungeon)

   [ring of magical power]

   It protects you from fire.
   It affects your magic capacity (+9).
 K - an uncursed ring of poison resistance
 L - an uncursed ring of protection from cold
 N - an uncursed amulet of magic regeneration
 R - an uncursed amulet of faith {unknown}
Wands
 f - a wand of enslavement (10)
 h - a wand of digging (6)
 q - a wand of acid (4)
 E - a wand of flame (56)
 J - a wand of paralysis (10)
 Q - a wand of disintegration (14)
 T - a wand of iceblast (18)
Scrolls
 c - 5 scrolls of enchant armour
 d - 4 scrolls of remove curse
 i - 5 scrolls of teleportation
 k - 2 scrolls of fear {unknown}
 p - a scroll of silence {unknown}
 C - a scroll of amnesia {unknown}
 G - a scroll of fog {unknown}
 M - 2 scrolls of identify
 S - 2 scrolls of brand weapon {unknown}
Potions
 a - a potion of magic
 o - 2 potions of might
 s - 3 potions of ambrosia
 u - a potion of berserk rage {unknown}
 w - a potion of mutation {unknown}
 x - 2 potions of attraction {unknown}
 A - 2 potions of flight
 I - 3 potions of degeneration {unknown}
 O - a potion of cancellation {unknown}
 P - a potion of heal wounds
 U - a potion of lignification
Miscellaneous
 t - a condenser vane


   Skills:
 + Level 7.9 Fighting
 * Level 8.6 Maces & Flails
 + Level 6.6 Throwing
 + Level 4.9 Dodging
 - Level 1.4 Stealth
 + Level 12.4 Spellcasting
 + Level 2.2 Conjurations
 + Level 10.3 Ice Magic
 + Level 6.0 Invocations


You had 15 spell levels left.
You knew the following spells:

 Your Spells              Type           Power        Failure   Level
a - Freeze                Ice            100%         1%          1
b - Ozocubu's Armour      Ice            93%          1%          3
c - Frozen Ramparts       Ice            100%         1%          3
d - Summon Ice Beast      Ice/Summ       69%          1%          4
e - Corona                Hex            33%          1%          1
f - Hailstorm             Conj/Ice       75%          1%          4
g - Vampiric Draining     Necr           15%          2%          3
h - Wereblood             Tmut           30%          1%          2

Your spell library contained the following spells:

 Spells                   Type           Power        Failure   Level
 Animate Skeleton         Necr           60%          1%          1
 Beastly Appendage        Tmut           60%          1%          1
 Pain                     Necr           100%         1%          1
 Poisonous Vapours        Pois/Air       60%          1%          2
 Slow                     Hex            30%          1%          2
 Conjure Flame            Conj/Fire      41%          1%          3
 Mephitic Cloud           Conj/Pois/Air  38%          1%          3
 Ice Form                 Ice/Tmut       69%          1%          4
 Inner Flame              Hex/Fire       30%          2%          3
 Portal Projectile        Hex/Tloc       60%          2%          3
 Spider Form              Tmut/Pois      15%          2%          3
 Animate Dead             Necr           15%          9%          4
 Cause Fear               Hex            15%          9%          4
 Leda's Liquefaction      Hex/Erth       15%          9%          4
 Agony                    Necr           30%          24%         5
 Blade Hands              Tmut           15%          24%         5
 Freezing Cloud           Conj/Ice/Air   32%          24%         6


Dungeon Overview and Level Annotations

Branches:
Dungeon (15/15)            Temple (0/1) D:6             Orc (0/2) D:10
 Depths (0/5) D:15          Sewer (visited)
   Lair: D:8-11      Vaults: D:13-14

Altars:
Cheibriados
Dithmenos
Fedhas
Gozag
Hepliaklqana
Kikubaaqudgha
Nemelex Xobeh
Okawaru
Qazlal
Wu Jian
The Shining One

Shops:
D:6 ?   D:10 =

Annotations:
D:7 2 runed translucent doors, oc3rt's ghost, novice KoHu
D:11 1 runed translucent door, oc3rt's ghost, journeyman KoHu


Innate Abilities, Weirdness & Mutations

You are too large for most types of armour.
You have tough skin. (AC +1)


Message History

You feel much better.
The wall freezes the six-headed hydra.
The six-headed hydra seems to slow down.
You block the six-headed hydra's attack.
The six-headed hydra misses you.
The six-headed hydra closely misses you.
The six-headed hydra bites you!
* * * LOW HITPOINT WARNING * * *
The six-headed hydra bites you.
* * * LOW HITPOINT WARNING * * *
The six-headed hydra bites you!
* * * LOW HITPOINT WARNING * * *
You feel much better.
The wall freezes the six-headed hydra!
The six-headed hydra bites you!
* * * LOW HITPOINT WARNING * * *
The six-headed hydra bites you.
* * * LOW HITPOINT WARNING * * *
The six-headed hydra bites you!
* * * LOW HITPOINT WARNING * * *
The six-headed hydra bites you!
You die...

....# '##############
#### .....#........#
...# .....'........+
...# .....#).......#
...# .....#........#
...#
######.....#'####...##..
................#D......
................@.......
.........<......#.......
................#.......
########################


You could see a six-headed hydra (slow).

Vanquished Creatures
  A boulder beetle (D:15)
  A two-headed ogre (D:12)
  A centaur warrior (D:14)
  Sonja (D:10)
  A skeletal warrior (D:11)
  3 unseen horrors
  A deep elf mage (D:15)
  2 ugly things
  2 efreet
  A komodo dragon (D:15)
  A redback zombie (D:15)
  A tengu conjurer (D:13)
  2 trolls
  A meliai zombie (D:12)
  A shadow (D:12)
  A redback (shapeshifter) (D:13)
  2 wraiths
  A wyvern (D:10)
  22 yaks
  A steam dragon (D:12)
  6 vampire mosquitoes
  A soldier ant (D:13)
  A soldier ant (shapeshifter) (D:15)
  4 orc warriors
  2 ice beasts (D:8)
  5 sky beasts
  A black bear (D:11)
  5 phantoms
  9 centaurs
  5 ogres
  4 big kobolds
  A gnoll sergeant (D:9)
  6 bullfrogs
  2 scorpions
  6 killer bees
  8 wights
  3 howler monkeys
  A bullfrog zombie (D:11)
  A quasit (D:13)
  7 jellies
  3 centaur skeletons
  4 centaur zombies
  5 orc priests
  A bullfrog skeleton (D:8)
  6 hounds
  Jessica (D:2)
  An iguana (D:14)
  21 orc wizards
  11 worker ants
  A hound skeleton (D:4)
  Robin (D:2)
  4 gnolls (D:9)
  15 adders
  A river rat (Sewer)
  A shadow imp (D:7)
  A white imp (D:5)
  5 ufetubi
  4 oozes
  3 adder zombies
  6 worms
  A dart slug (D:3)
  4 leopard geckos
  42 orcs
  7 ball pythons
  7 bats
  5 giant cockroaches
  14 goblins
  10 hobgoblins
  19 jackals
  7 quokkas
  4 frilled lizards
  2 jackal skeletons (D:5)
  18 kobolds
  A leopard gecko skeleton (D:5)
  13 rats
374 creatures vanquished.

Vanquished Creatures (collateral kills)
  A fire giant (D:15)
  A two-headed ogre (D:11)
  A centaur warrior (D:14)
  3 ugly things
  2 manticores
  A centaur skeleton (D:12)
  2 yaks (D:9)
  A bullfrog (D:14)
  An orc priest (D:15)
  2 orc wizards (D:11)
15 creatures vanquished.

Grand Total: 389 creatures vanquished

Notes
Turn   | Place    | Note
-------+----------+-------------------------------------------
     0 | D:1      | tizbic2 the Ogre Ice Elementalist began the quest for the
                  | Orb.
     0 | D:1      | Reached XP level 1. HP: 16/16 MP: 3/3
   130 | D:1      | Reached XP level 2. HP: 22/24 MP: 3/5
   954 | D:1      | HP: 1/24 [hobgoblin/+0 club (4)]
   957 | D:1      | Reached XP level 3. HP: 2/31 MP: 4/6
  1003 | D:1      | HP: 1/31 [rat (2)]
  1407 | D:1      | Reached skill level 1 in Maces & Flails
  1466 | D:1      | Learned a level 3 spell: Ozocubu's Armour
  1470 | D:1      | Learned a level 3 spell: Frozen Ramparts
  1845 | D:2      | Reached XP level 4. HP: 40/40 MP: 1/7
  2481 | D:2      | Found an ornate altar of the Wu Jian Council.
  2564 | D:3      | Noticed Robin
  2590 | D:2      | Killed Robin
  2701 | D:3      | Noticed Jessica
  2706 | D:2      | Reached skill level 1 in Fighting
  2747 | D:2      | Killed Jessica
  2748 | D:2      | Reached skill level 3 in Spellcasting
  2748 | D:2      | Reached XP level 5. HP: 30/48 MP: 5/9
  2926 | D:3      | Found a glowing drain.
  2937 | Sewer    | Entered a sewer
  3003 | Sewer    | Noticed a big kobold
  3003 | Sewer    | Noticed a big kobold
  3013 | Sewer    | Killed a big kobold
  3013 | Sewer    | Killed a big kobold
  3014 | Sewer    | Reached XP level 6. HP: 54/57 MP: 0/11
  3185 | Sewer    | Reached skill level 4 in Spellcasting
  3332 | D:3      | Reached skill level 5 in Ice Magic
  3332 | D:3      | Reached XP level 7. HP: 52/66 MP: 6/13
  3351 | D:3      | Found a sparkling altar of Nemelex Xobeh.
  3568 | D:3      | Learned a level 4 spell: Summon Ice Beast
  4271 | D:4      | Reached skill level 1 in Throwing
  4317 | D:4      | Found an iron altar of Okawaru.
  4323 | D:4      | Found a shadowy altar of Dithmenos.
  4327 | D:4      | Found a blossoming altar of Fedhas.
  4329 | D:4      | Found a snail-covered altar of Cheibriados.
  4334 | D:4      | Became a worshipper of Cheibriados the Contemplative
  4561 | D:4      | Reached skill level 5 in Spellcasting
  4673 | D:5      | Entered Level 5 of the Dungeon
  4737 | D:5      | Reached XP level 8. HP: 70/76 MP: 0/15
  4793 | D:5      | Reached * piety under Cheibriados
  4816 | D:5      | Found a glowing golden altar of the Shining One.
  5246 | D:6      | Found a staircase to the Ecumenical Temple.
  5388 | D:6      | Got a smouldering flail
  5389 | D:6      | Identified the cursed +3 flail of Change {flame, Dex+3}
                  | (You found it on level 6 of the Dungeon)
  5576 | D:6      | Found an ancient bone altar of Kikubaaqudgha.
  5613 | D:6      | Reached ** piety under Cheibriados
  5694 | D:6      | Learned a level 1 spell: Corona
  5700 | D:6      | Found Yloer's Magic Scroll Shop.
  5708 | D:6      | Bought a scroll of identify for 26 gold pieces
  5708 | D:6      | Bought a scroll of identify for 26 gold pieces
  5708 | D:6      | Bought a scroll of enchant weapon for 97 gold pieces
  6244 | D:7      | Reached skill level 6 in Spellcasting
  6434 | D:7      | Reached skill level 5 in Fighting
  6439 | D:7      | Found a large runed translucent door.
  6440 | D:7      | Found a large runed translucent door.
  6458 | D:7      | Reached *** piety under Cheibriados
  6502 | D:7      | Identified the amulet of Yhafyil {Reflect rF+++ Dex+5 SH+5}
  6519 | D:7      | Reached XP level 9. HP: 57/88 MP: 12/18
  6610 | D:7      | Got a smoking brass ring
  6613 | D:7      | Identified the ring of Mistrust {rF+ MP+9} (You found it on
                  | level 7 of the Dungeon)
  6815 | D:7      | Noticed oc3rt's ghost (novice KoHu)
  6916 | D:7      | Reached skill level 7 in Spellcasting
  7157 | D:8      | Reached skill level 5 in Maces & Flails
  7275 | D:8      | Learned a level 4 spell: Hailstorm
  7289 | D:8      | Reached **** piety under Cheibriados
  7303 | D:8      | Found a hazy altar of Hepliaklqana.
  7906 | D:8      | Reached XP level 10. HP: 94/100 MP: 21/21
  7924 | D:8      | Reached skill level 8 in Spellcasting
  7924 | D:8      | Reached skill level 1 in Invocations
  7924 | D:8      | Reached ***** piety under Cheibriados
  8639 | D:9      | Found a stormy altar of Qazlal.
  8686 | D:9      | Noticed a two-headed ogre
  9053 | D:10     | Entered Level 10 of the Dungeon
  9053 | D:10     | Found a staircase to the Orcish Mines.
  9120 | D:10     | Found Efukyw's Jewellery Boutique.
  9418 | D:10     | Noticed Sonja
  9430 | D:10     | Killed Sonja
  9812 | D:10     | Bought an uncursed ring of wizardry for 360 gold pieces
  9826 | D:11     | Reached skill level 9 in Spellcasting
 10130 | D:11     | Reached XP level 11. HP: 107/107 MP: 24/24
 10219 | D:11     | Reached skill level 5 in Throwing
 10237 | D:11     | Noticed a cyan ugly thing
 10245 | D:11     | Killed a cyan ugly thing
 10295 | D:11     | Killed a two-headed ogre
 10394 | D:11     | Noticed a white ugly thing
 10405 | D:11     | Killed a white ugly thing
 10423 | D:11     | Reached ****** piety under Cheibriados
 10435 | D:11     | Noticed a manticore
 10436 | D:11     | Reached skill level 10 in Spellcasting
 10444 | D:11     | Killed a manticore
 10531 | D:11     | Learned a level 3 spell: Vampiric Draining
 10621 | D:11     | Found a runed translucent door.
 10622 | D:11     | Noticed a two-headed ogre
 10622 | D:11     | Noticed oc3rt's ghost (journeyman KoHu)
 10640 | D:11     | Noticed a skeletal warrior
 10654 | D:11     | Noticed a skeletal warrior
 10657 | D:11     | Noticed a skeletal warrior
 10659 | D:11     | Noticed a skeletal warrior
 10660 | D:11     | Killed a skeletal warrior
 10663 | D:11     | Noticed a skeletal warrior
 10920 | D:12     | Learned a level 2 spell: Wereblood
 10967 | D:12     | Noticed a two-headed ogre
 10977 | D:12     | Killed a two-headed ogre
 10978 | D:12     | Reached skill level 5 in Invocations
 11118 | D:12     | Killed an unseen horror
 11629 | D:12     | Noticed a cyclops
 11733 | D:13     | Found a blossoming altar of Fedhas.
 11948 | D:13     | Reached skill level 1 in Conjurations
 11948 | D:13     | Reached XP level 12. HP: 118/118 MP: 26/26
 12086 | D:13     | Reached skill level 11 in Spellcasting
 12535 | D:14     | Noticed a centaur warrior
 12541 | D:14     | Killed a centaur warrior
 12683 | D:14     | Noticed a centaur warrior
 12698 | D:14     | Killed a centaur warrior
 12837 | D:14     | Noticed a death knight
 13150 | D:15     | Entered Level 15 of the Dungeon
 13162 | D:15     | Found an opulent altar of Gozag.
 13187 | D:15     | Reached skill level 10 in Ice Magic
 13285 | D:15     | Noticed a boulder beetle
 13296 | D:15     | Killed a boulder beetle
 13297 | D:15     | Reached skill level 12 in Spellcasting
 13338 | D:15     | Found a staircase to the Depths.
 13338 | D:15     | Noticed a fire giant
 13527 | D:15     | HP: 5/119 [fire giant/+0 great sword of flaming (7)]
 13901 | D:15     | Killed a fire giant
 13902 | D:15     | Reached XP level 13. HP: 124/127 MP: 3/29
 14207 | D:15     | Slain by a six-headed hydra

Illustrated notes

Levels and vault maps discovered:
D:1:      saegor_arrival_simple_b, layout_basic
D:2:      layout_basic, lemuel_round_altar, st_stairs_14
D:3:      layout_rooms, cheibrodos_sewer_entry_drain, nemelex_altar_shiori,
          uniq_jessica, uniq_robin
D:4:      layout_basic, minitemple, serial_glass, glass_columns_b,
          glass_columns_b, glass_columns_a, glass_columns_a, glass_columns_a,
          glass_columns_b, glass_columns_c, glass_columns_b
D:5:      layout_basic, tso_metal_star
D:6:      layout_basic, lemuel_round_altar, minmay_temple_entry_nine_rooms,
          serial_shops, shop, hangedman_abyss_or_decor_lesser_grid
D:7:      layout_loops_ring, ebering_ghost_disaster_area
D:8:      layout_loops_cross, nzn_hepliaklqana_mist_gate
D:9:      layout_rooms, eino_tiny_chamber, grunt_qazlal_sundering
D:10:     layout_basic, erik_lair_dragon, david_orc_2, serial_shops, shop,
          uniq_sonja, uniq_psyche
D:11:     layout_cave_pods, ebering_ghost_inner_flame
D:12:     layout_roguey
D:13:     layout_basic, enter_bailey_2, tgw_fedhas
D:14:     layout_stronghold, grunt_vaults_entry_tiered, uniq_azrael
D:15:     grunt_enter_depths_giant_problem, layout_grid_maze, moated_statue,
          grunt_gozag_statues

Skill      XL: |  1  2  3  4  5  6  7  8  9 10 11 12 |
---------------+-------------------------------------+-----
Ice Magic      | 4 5 6 7 8 9 10 | 10.3
Dodging        | 2 3 4 |  4.9
Maces & Flails | 1 2 3 4 5 6 7 8 |  8.6
Fighting       | 1 2 3 5 6 7 |  7.9
Spellcasting   | 3 4 5 6 7 9 10 12 | 12.4
Throwing       | 1 2 3 4 5 6 |  6.6
Invocations    | 4 5 6 |  6.0
Conjurations   | 1 2 |  2.2
Stealth        | |  1.4

Action                   |  1- 3 |  4- 6 |  7- 9 | 10-12 | 13-15 || total
-------------------------+-------+-------+-------+-------+-------++-------
Melee: Mace              |    85 |    95 |     3 |       |       ||   183
       Giant club        |       |       |    55 |       |       ||    55
       Flail             |       |       |    94 |   140 |     7 ||   241
Throw: Stone             |     1 |    10 |     1 |       |       ||    12
       Javelin           |       |     1 |    27 |     3 |       ||    31
       Dart              |       |       |    15 |    63 |     7 ||    85
       Large rock        |       |       |    20 |     8 |       ||    28
       Boomerang         |       |       |    68 |    58 |     3 ||   129
 Cast: Freeze            |    21 |    21 |    40 |    21 |     3 ||   106
       Frozen Ramparts   |     3 |    11 |    56 |    59 |     4 ||   133
       Ozocubu's Armour  |     1 |    15 |    44 |    49 |     2 ||   111
       Corona            |       |       |     2 |     1 |       ||     3
       Summon Ice Beast  |       |       |     1 |    43 |     1 ||    45
       Hailstorm         |       |       |       |    54 |     3 ||    57
       Vampiric Draining |       |       |       |     5 |     1 ||     6
       Wereblood         |       |       |       |     4 |       ||     4
  Use: Potion            |     1 |       |     2 |    15 |     2 ||    20
       Scroll            |       |     2 |    13 |    13 |       ||    28
 Stab: Sleeping          |     1 |       |       |       |       ||     1
       Distracted        |       |       |       |     1 |       ||     1
Armor: Robe              |    70 |    60 |   105 |   105 |     6 ||   346
       Skin              |       |       |       |     4 |       ||     4
Dodge: Dodged            |    95 |    68 |   138 |   184 |    14 ||   499
Block: Other             |       |       |    19 |    74 |     1 ||    94
       Reflection        |       |       |     2 |    15 |       ||    17
